 Dungeon Crawl Stone Soup version 0.20.0-8-g6b59dc7 (webtiles) character file.

326416 GordonOverkill the Slayer (level 22, -13/164 HPs)
             Began as a Kobold Skald on June 1, 2017.
             Was the Champion of Yredelemnul.
             Killed from afar by a frost giant (45 damage)
             ... with a bolt of cold
             ... on level 4 of the Depths.
             The game lasted 03:17:21 (68711 turns).

GordonOverkill the Slayer (Kobold Skald)           Turns: 68711, Time: 03:17:21

Health: -13/164    AC: 19    Str: 11    XL:     22   Next: 61%
Magic:  31/31      EV: 22    Int: 14    God:    Yredelemnul [******]
Gold:   1011       SH:  7    Dex: 21    Spells: 6/25 levels left

rFire    + + +     SeeInvis .   a - +5 short sword (elec)
rCold    . . .     Gourm    .   D - +0 buckler
rNeg     . . .     Faith    .   T - +0 fire dragon scales
rPois    +         Spirit   .   c - +2 hat {MR+}
rElec    +         Reflect  .   (no cloak)
rCorr    .         Harm     .   Q - +1 pair of gloves {Dex+3}
MR       ++...                  N - +2 pair of boots {Stlth+}
Stlth    +.........             Z - amulet "Lexexkun" {+Rage +Fly rElec}
Regen    0.4/turn               r - ring of protection from cold
MPRegen  0.3/turn               b - ring "Nofalaam" {rPois rF+ Str-2} (curse)

@: drained
A: carnivore 3, clumsy 1, MP-powered wands
}: 2/15 runes: decaying, gossamer
a: Recall Undead Slaves, Injury Mirror, Animate Dead, Drain Life, Enslave Soul,
Renounce Religion, Evoke Berserk Rage, Evoke Flight


You were on level 4 of the Depths.
You worshipped Yredelemnul.
Yredelemnul was exalted by your worship.
You were very full.

You visited 8 branches of the dungeon, and saw 40 of its levels.
You visited the Abyss 1 time.
You visited 1 bazaar.
You also visited: Sewer and Ice Cave.

You collected 4759 gold pieces.
You spent 3748 gold pieces at shops.

Inventory:

Hand Weapons
 a - a +5 short sword of electrocution (weapon)
 m - a +4 short sword of piercing
 W - a +1 antimagic dagger
 Y - the +8 short sword of Action {freeze, MR+ Str-5 Dex+3}
   (You found it on level 2 of the Vaults)

   It has been specially enchanted to freeze those struck by it, causing extra
   injury to most foes and up to half again as much damage against particularly
   susceptible opponents.
   It can also slow down cold-blooded creatures.
   It affects your strength (-5).
   It affects your dexterity (+3).
   It affects your resistance to hostile enchantments.
Armour
 c - a +2 hat of magic resistance (worn)
 e - the scarf "Cofes" {rF+ Str-3 Dex+2}
   (You found it on level 3 of the Depths)

   It affects your strength (-3).
   It affects your dexterity (+2).
   It protects you from fire.
 o - a +5 ring mail of positive energy
 s - a +0 hat of see invisible
 D - a +0 buckler (worn)
 N - a +2 pair of boots of stealth (worn)
 Q - a +1 pair of gloves of dexterity (worn)
 T - +0 fire dragon scales (worn)
Jewellery
 b - the cursed ring "Nofalaam" (right hand) {rPois rF+ Str-2}
   (You found it on level 1 of the Depths)

   [ring of strength]

   It affects your strength (-2).
   It protects you from fire.
   It protects you from poison.
   It has a curse placed upon it.
 r - a ring of protection from cold (left hand)
 G - the ring "Erat" {rN+ Str+4 Dex-5 Slay+4 Stlth+}
   (You bought it in a shop on level 2 of the Orcish Mines)

   [ring of positive energy]

   It affects your strength (+4).
   It affects your dexterity (-5).
   It affects your accuracy and damage with ranged weapons and melee attacks
   (+4).
   It protects you from negative energy.
   It makes you more stealthy.
 I - the ring "Sydwasun" {rElec Str+3 Stlth+}
   (You acquired it on level 4 of the Vaults)

   [ring of stealth]

   It affects your strength (+3).
   It insulates you from electricity.
   It makes you more stealthy.
 Z - the amulet "Lexexkun" (around neck) {+Rage +Fly rElec}
   (You bought it in a shop on level 2 of the Depths)

   [amulet of rage]

   It insulates you from electricity.
   It lets you fly.
   It lets you go berserk.
Wands
 y - a wand of acid (5/15)
 J - a wand of clouds (4/9)
 K - a wand of iceblast (9/15)
Scrolls
 f - 11 scrolls of identify
 g - 4 scrolls of fog
 h - 17 scrolls of remove curse
 n - 18 scrolls of teleportation
 p - 6 scrolls of recharging
 u - 5 scrolls of amnesia
 B - 2 scrolls of fear
 F - a scroll of silence
 H - 4 scrolls of blinking
 M - 4 scrolls of magic mapping
 U - 2 scrolls of brand weapon
Potions
 j - 7 potions of curing
 k - 13 potions of lignification
 q - 6 potions of haste
 t - a potion of agility
 v - 11 potions of flight
 w - 3 potions of brilliance
 z - 2 potions of invisibility
 A - 8 potions of might
 C - 2 potions of heal wounds
 L - 4 potions of magic
 O - 2 potions of cancellation
 P - 2 potions of mutation
 R - 7 potions of ambrosia
 S - 2 potions of resistance
 V - 3 potions of berserk rage
Books
 l - a book of Summonings

   Spells                             Type                      Level
   a - Recall                         Summoning/Translocation      3
   b - Aura of Abjuration             Summoning                    5
   c - Summon Demon                   Summoning                    5
   d - Summon Forest                  Summoning/Translocation      5
   e - Summon Mana Viper              Hexes/Summoning              5
   f - Shadow Creatures               Summoning                    6
 x - the Almanac of Calling
   (You found it on level 2 of the Depths)

   Spells                             Type                      Level
   a - Summon Butterflies             Summoning                    1
   b - Summon Small Mammal            Summoning                    1
   c - Call Imp                       Summoning                    2
   d - Summon Mana Viper              Hexes/Summoning              5
   e - Spellforged Servitor           Conjuration/Summoning        7
   f - Summon Hydra                   Summoning                    7
 E - a book of Power

   Spells                             Type                      Level
   a - Iskenderun's Battlesphere      Conjuration/Charms           5
   b - Venom Bolt                     Conjuration/Poison           5
   c - Bolt of Magma                  Conjuration/Fire/Earth       5
   d - Iron Shot                      Conjuration/Earth            6
   e - Orb of Destruction             Conjuration                  7
   f - Spellforged Servitor           Conjuration/Summoning        7
Comestibles
 d - 25 meat rations
 i - 16 royal jellies


   Skills:
 + Level 25.3(24.3) Fighting
 - Level 14.1(13.3) Short Blades
 - Level 10.8(10.0) Armour
 - Level 17.1(16.2) Dodging
 - Level 6.4(5.8) Shields
 - Level 2.1(1.6) Spellcasting
 - Level 7.4(6.8) Charms
 - Level 4.2(3.6) Necromancy
 - Level 8.7(8.0) Translocations
 - Level 12.1(11.3) Invocations


You had 6 spell levels left.
You knew the following spells:

 Your Spells              Type           Power        Failure   Level  Hunger
a - Infusion              Chrm           ###.         9%          1    ##.....
b - Song of Slaying       Chrm           ###.....     13%         2    ###....
c - Shroud of Golubria    Chrm/Tloc      ###.......   10%         2    ###....
d - Regeneration          Chrm/Necr      ###.......   43%         3    ####...
e - Spectral Weapon       Hex/Chrm       ##......     71%         3    ####...
f - Blink                 Tloc           N/A          8%          2    ###....
g - Shadow Creatures      Summ           N/A          100%        6    #######


Dungeon Overview and Level Annotations

Branches:
Dungeon (15/15)            Temple (1/1) D:6            Lair (6/6) D:10
  Swamp (4/4) Lair:3       Spider (4/4) Lair:3        Slime (0/5) Lair:6
    Orc (2/2) D:10            Elf (0/3) Orc:2        Vaults (4/5) D:14
  Crypt (0/3) Vaults:2     Depths (4/5) D:15

Altars:
Ashenzari
Cheibriados
Dithmenos
Elyvilon
Fedhas
Gozag
Hepliaklqana
Kikubaaqudgha
Makhleb
Nemelex Xobeh
Okawaru
Qazlal
Ru
Sif Muna
Trog
Uskayaw
Vehumet
Xom
Yredelemnul
Zin
The Shining One

Shops:
D:8 (   D:9 ?   D:14 (   Orc:1 :   Orc:2 [=(*   Depths:2 }==   Depths:4 ?

Portals:
Hell: Depths:1 Depths:2 Depths:3 Depths:4
Pandemonium: Depths:1 Depths:2 Depths:3
Ziggurat: Depths:3


Innate Abilities, Weirdness & Mutations

You are small and have problems with some larger weapons.
You are carnivorous and can eat meat at any time.
You are clumsy. (Dex -2)
You expend magic power (3 MP) to strengthen your wands.


Message History

The frost giant hits your ghoul with a battleaxe of freezing!!
The frost giant freezes your ghoul.
The frost giant hits your vampire knight with a battleaxe of freezing!
The frost giant freezes your vampire knight.
The ice dragon bites Frederick but does no damage.
The ice dragon claws Frederick.
The ice dragon tramples Frederick but does no damage.
Frederick hits the ice dragon with a vampiric great sword!
Frederick is healed.
Your deep troll zombie bites the frost giant.
Your deep troll zombie claws the frost giant!
Your deep troll zombie barely misses the frost giant.
The frost giant casts a spell at your vampire knight.
The bolt of cold hits your vampire knight.
Your vampire knight resists.
The bolt of cold hits your deep troll zombie.
Your deep troll zombie resists.
The bolt of cold hits you!
You die...
Your body rises from the dead as a mindless zombie.

##...##'#######...###....#####
##...##.####.##...###.)..# ..
#..).....................'....
##.......................#....
#......................######
#...........Z...........#
#.........ZZ^Z.....##...#
#........ZZZZZZ....##...#
##......VZZZn@Z.........#
#......##ZnZ##....##
#########.VC# ...# ..ZC§p.p
..# ....D....../ .'.
........p......#.
............p..
.....#...##.p.# .....#...#
...#


You could see 2 frost giants, an ice dragon, 2 hell knights, 2 friendly ghouls,
a friendly vampire knight, the friendly Frederick the spectral demigod, a
friendly vampire (invisible), a friendly shadow dragon zombie, 2 friendly very
ugly thing zombies, a friendly spriggan berserker zombie, 5 friendly deep troll
zombies, a friendly stone giant zombie, 4 friendly deep troll earth mage
zombies, a friendly deep troll shaman zombie and a friendly tengu warrior
zombie.

Vanquished Creatures
  Mara (Spider:4)
  Sojobo (Vaults:4)
  Margery (Vaults:4)
  A caustic shrike (Depths:3)
  2 liches
  A tengu reaver (Depths:1)
  The ghost of siprus the Corrupter of Planes, an adept DsAK of Lugonu (Spider:4)
  3 frost giants
  The ghost of RKaid the Unseen, an adept SpEn of Sif Muna (Orc:2)
  2 emperor scorpions (Spider:4)
  6 vault wardens
  A fire giant (Depths:3)
  An orc warlord (Orc:2)
  A reaper (Depths:2)
  A balrug (Depths:3)
  2 ironheart preservers
  2 vampire knights
  2 very ugly things
  4 stone giants
  Azrael (D:14)
  A dire elephant (D:15)
  An ettin (Depths:2)
  3 fire dragons
  A vault guard (Vaults:4)
  4 yaktaur captains
  2 rakshasas
  4 ice dragons
  A great orb of eyes (D:14)
  8 hydras
  A ghost crab (Swamp:4)
  4 centaur warriors
  An alligator (Swamp:1)
  2 death knights (Vaults:2)
  18 two-headed ogres
  3 deep troll shamans
  3 deep troll earth magi
  2 tengu warriors
  3 death yaks (Lair:6)
  An ogre mage (D:14)
  2 orc high priests (Orc:2)
  4 hell knights (Depths:3)
  2 deep elf knights (Vaults:3)
  An iron troll (Depths:1)
  A skeletal warrior (Vaults:2)
  9 deep trolls
  3 shambling mangroves
  2 wizards
  2 glowing orange brains
  3 unseen horrors
  A flayed ghost (Vaults:2)
  2 ironbrand convokers
  8 orc knights
  2 phantasmal warriors
  13 deep elf magi
  2 orb spiders
  A human zombie (Vaults:2)
  8 wolf spiders
  2 orc sorcerers
  9 ugly things
  2 cyclopes
  A manticore (D:11)
  6 elephants
  4 black mambas
  6 vault sentinels
  10 spiny frogs
  7 komodo dragons
  13 yaktaurs
  2 rime drakes
  2 freezing wraiths
  A yaktaur (shapeshifter) (Vaults:3)
  2 demonic crawlers
  2 tengu conjurers (Vaults:3)
  A yaktaur skeleton (Vaults:4)
  A merfolk (D:10)
  A troll (shapeshifter) (Vaults:2)
  A hellwing (Abyss:3)
  9 jumping spiders
  2 trolls
  A queen bee (shapeshifter) (D:13)
  5 tyrant leeches
  16 hornets
  A tengu simulacrum (Vaults:3)
  11 slime creatures
  7 polar bears
  5 blink frogs
  A wind drake (shapeshifter) (Vaults:2)
  A bog body (Swamp:2)
  4 dream sheep
  6 hippogriffs
  31 redbacks
  A redback (shapeshifter) (Vaults:1)
  11 spriggans
  4 tarantellas
  2 water elementals (Depths:1)
  37 yaks
  A vampire (D:13)
  Sigmund (D:6)
  A wraith (Vaults:2)
  A wyvern (Lair:1)
  2 chaos spawn
  2 basilisks
  2 large abominations (Abyss:3)
  A hungry ghost (D:4)
  9 vampire mosquitoes
  4 wargs
  A human (D:10)
  7 swamp worms
  2 acid dragons
  6 water moccasins
  6 porcupines
  A floating eye (Depths:3)
  12 ice beasts
  16 orc warriors
  2 sky beasts
  A swamp drake (Swamp:4)
  4 black bears
  19 wolves
  A phantom (D:10)
  3 boggarts
  4 necrophages
  13 ogres
  An elf skeleton (Vaults:2)
  5 centaurs
  14 crocodiles
  4 big kobolds
  A gnoll sergeant (D:11)
  12 bullfrogs
  2 wyvern skeletons (D:8)
  21 scorpions
  An elf simulacrum (Vaults:1)
  11 wights
  12 killer bees
  A howler monkey (D:5)
  An electric eel (Lair:1)
  9 crimson imps
  2 bullfrog zombies
  4 centaur zombies
  6 hounds
  4 quasits
  4 orc priests
  13 orc wizards
  5 centaur skeletons
  Jessica (D:2)
  A bullfrog skeleton (D:12)
  An iguana (D:14)
  Ijyb (D:4)
  A merfolk siren (Sewer)
  9 worker ants
  A merfolk avatar (Sewer)
  2 hound zombies (D:5)
  2 worker ant zombies
  Robin (D:4)
  10 gnolls
  A howler monkey skeleton (D:9)
  13 adders
  4 river rats
  3 shadow imps
  2 oozes (D:1)
  4 adder skeletons
  3 worms
  2 dart slugs
  12 leopard geckos
  50 orcs
  6 ball pythons
  10 giant cockroaches
  25 goblins
  11 hobgoblins
  4 jackals
  2 quokkas
  A ball python skeleton (D:5)
  7 bats
  9 frilled lizards
  A jackal skeleton (D:4)
  10 kobolds
  A leopard gecko zombie (D:6)
  A quokka skeleton (D:6)
  33 rats
892 creatures vanquished.

Vanquished Creatures (collateral kills)
  the Lernaean hydra (Swamp:4)
  A caustic shrike (Depths:3)
  A golden dragon (Depths:3)
  Jory (Vaults:2)
  Arachne (Spider:4)
  Jorgrun (Vaults:4)
  A lich (Depths:2)
  Agnes (Spider:4)
  A storm dragon (Depths:3)
  Kirke (D:14)
  Frances (D:14)
  A shadow dragon (Depths:4)
  4 tengu reavers
  A deep elf sorcerer (Depths:3)
  6 fire giants
  Aizul (Spider:1)
  5 vault wardens
  3 frost giants
  2 ghost moths (Spider:4)
  6 emperor scorpions
  Louise (D:15)
  11 ironheart preservers
  A war gargoyle (Vaults:4)
  A vampire knight (Depths:4)
  20 very ugly things
  14 stone giants
  4 entropy weavers
  Nessos (Lair:4)
  The ghost of loom the Fighter, a journeyman GrEE of Qazlal (Lair:5)
  3 deep elf annihilators
  2 spark wasps
  6 ettins
  7 yaktaur captains
  A fire dragon (Depths:1)
  3 deep elf high priests
  3 great orbs of eyes
  6 vault guards
  22 hydras
  6 ice dragons
  A ghost crab (Swamp:3)
  3 spriggan air magi (Depths:2)
  4 rakshasas
  5 centaur warriors
  25 two-headed ogres
  2 death yaks (Lair:6)
  13 ogre magi
  3 death knights
  7 deep troll earth magi
  10 deep troll shamans
  6 alligators
  4 tengu warriors
  4 orc high priests (Orc:2)
  Sonja (D:14)
  4 iron trolls
  A sixfirhy (Depths:3)
  4 spriggan berserkers
  A shadow wraith (Vaults:4)
  A titan skeleton (Vaults:2)
  32 deep trolls
  6 skeletal warriors
  12 hell knights
  2 spriggan druids
  2 flayed ghosts
  3 unseen horrors
  An unseen horror (shapeshifter) (Vaults:2)
  4 deep elf archers
  2 spark wasp zombies (Depths:2)
  2 torturous demonspawn
  12 swamp dragons
  3 harpies (Vaults:3)
  A phantasmal warrior (Depths:4)
  A tengu zombie (Depths:2)
  2 wizards
  2 orange crystal statues
  A shadow dragon zombie (Vaults:2)
  A shambling mangrove (Swamp:2)
  9 ironbrand convokers
  A harpy (shapeshifter) (Depths:2)
  9 necromancers
  6 orc knights
  A mana viper (shapeshifter) (D:14)
  A fire giant zombie (Vaults:4)
  A shadow dragon skeleton (Depths:2)
  2 human zombies
  A tengu skeleton (Vaults:3)
  8 deep elf magi
  An orc sorcerer (Vaults:1)
  27 ugly things
  3 oklob plants
  29 wolf spiders
  19 orb spiders
  A salamander (shapeshifter) (Vaults:3)
  3 manticores
  6 cyclopes
  A frost giant skeleton (Vaults:2)
  4 moths of wrath
  4 elephants
  A spiny frog (shapeshifter) (Depths:3)
  2 black mambas
  A stone giant skeleton (Vaults:3)
  11 vault sentinels
  2 orange demons
  8 spiny frogs
  A torpor snail (Spider:3)
  A yaktaur (shapeshifter) (Depths:1)
  2 centaur skeletons
  4 kobold demonologists
  9 freezing wraiths
  11 demonic crawlers
  A tormentor (Depths:1)
  An ice devil (Depths:4)
  4 komodo dragons
  21 yaktaurs
  A hellwing (Depths:1)
  4 tengu conjurers
  3 trolls
  A meliai (shapeshifter) (Vaults:2)
  2 red devils
  A hornet (shapeshifter) (Vaults:4)
  2 tyrant leeches
  23 jumping spiders
  2 raiju (shapeshifter)
  A harpy skeleton (D:15)
  17 hornets
  A polar bear (D:15)
  2 blink frogs
  2 bog bodies
  A blink frog (shapeshifter) (Vaults:1)
  25 slime creatures
  3 dream sheep
  6 hippogriffs
  13 spriggans
  5 air elementals (Depths:2)
  55 redbacks
  2 shadows
  38 tarantellas
  16 yaks
  2 ynoxinuls (Depths:1)
  3 water elementals
  2 spriggans (shapeshifter)
  2 vampires
  3 hogs (D:14)
  A wyvern (Lair:3)
  A human (shapeshifter) (Depths:2)
  3 hogs (shapeshifter)
  A chaos spawn (Depths:2)
  7 vampire mosquitoes
  11 swamp worms
  3 insubstantial wisps (Swamp:4)
  2 deep troll zombies (Depths:2)
  A soldier ant (shapeshifter) (Depths:1)
  4 hell hounds (D:14)
  A two-headed ogre zombie (Depths:2)
  3 water moccasins
  2 porcupines
  An eye of draining (D:11)
  25 orc warriors
  2 sky beasts
  15 swamp drakes
  An ettin simulacrum (Depths:2)
  24 ogres
  3 necrophages (Lair:3)
  An eye of draining (shapeshifter) (Vaults:1)
  16 boggarts
  10 wolves
  7 centaurs
  2 crocodiles
  4 bullfrogs
  17 scorpions
  2 killer bees (D:9)
  A human simulacrum (Vaults:4)
  An electric eel (Lair:1)
  2 wights (D:15)
  A centaur zombie (Depths:2)
  5 crimson imps
  A bullfrog skeleton (D:11)
  A hound (D:13)
  7 orc wizards
  8 orc priests
  An iron imp (Depths:1)
  2 worker ants
  An ogre zombie (Depths:2)
  2 gnolls
  A shadow imp (D:10)
  An ufetubus (Depths:1)
  31 orcs
  A jackal (D:11)
  4 kobolds (D:12)
  2 bushes
  2 butterflies (Lair:4)
  34 fungi
  17 plants
1092 creatures vanquished.

Vanquished Creatures (others)
  A profane servitor (Depths:4)
  5 bone dragons
  Roxanne (Spider:1)
  5 ghouls
  6 vampire knights
  A spectral human (Vaults:1)
  A deep troll shaman (Depths:2)
  2 deep troll earth magi
  9 skeletal warriors
  A very ugly thing zombie (Vaults:3)
  A deep troll (Depths:4)
  5 flayed ghosts
  A tengu zombie (Vaults:4)
  8 phantasmal warriors
  A wolf spider zombie (D:15)
  3 ugly thing zombies
  A tengu skeleton (Vaults:3)
  2 stone giant zombies
  3 spriggan zombies
  9 human zombies
  5 redback zombies
  3 human skeletons
  A tarantella zombie (Spider:4)
  3 jumping spider zombies
  An ice dragon zombie (Depths:4)
  10 flying skulls
  8 vampires
  2 wraiths
  2 humans (D:14)
  2 black mamba zombies
  A tyrant leech zombie (Swamp:3)
  A small abomination (Abyss:3)
  6 ogre zombies
  A warg (Vaults:3)
  8 deep troll zombies
  10 two-headed ogre zombies
  2 spiny frog zombies
  2 orb spider zombies (Spider:4)
  A deep troll skeleton (Vaults:2)
  2 ogre skeletons
  3 hornet zombies
  An ogre (Vaults:4)
  7 elf zombies
  3 vampire mosquito zombies
  A rime drake zombie (Lair:3)
  A hippogriff zombie (Lair:3)
  7 yaktaur zombies
  2 water moccasin zombies
  3 hell hound zombies (D:14)
  A cyclops zombie (D:15)
  2 warg zombies
  4 yak zombies
  A spriggan skeleton (Depths:3)
  2 wights (Lair:5)
  A yak skeleton (Lair:5)
  3 wolf zombies
  A centaur zombie (Depths:2)
  A kobold zombie (D:13)
  An orc wizard (Orc:2)
  A porcupine zombie (Lair:5)
  A killer bee zombie (D:9)
  An acid dragon zombie (D:14)
  2 crocodile zombies
  A necrophage skeleton (Lair:3)
  3 mummies
  A worker ant zombie (D:8)
  A swamp drake zombie (Swamp:4)
  2 orc skeletons
  2 scorpion zombies
  An iguana zombie (D:14)
  2 jackal zombies (D:11)
  A kobold (D:10)
  10 orc zombies
  3 bushes (Lair:6)
  14 fungi
  31 plants
  5 starspawn tentacles (Abyss:3)
264 creatures vanquished.

Grand Total: 2248 creatures vanquished

Notes
Turn   | Place    | Note
-------+----------+-------------------------------------------
     0 | D:1      | GordonOverkill the Kobold Skald began the quest for the Orb.
     0 | D:1      | Reached XP level 1. HP: 12/12 MP: 3/3
   272 | D:1      | Reached XP level 2. HP: 17/17 MP: 0/5
   738 | D:2      | Noticed Jessica
   743 | D:2      | Killed Jessica
   743 | D:2      | Reached XP level 3. HP: 9/22 MP: 0/6
   933 | D:1      | Reached skill level 3 in Fighting
   933 | D:1      | Reached XP level 4. HP: 3/28 MP: 1/7
  1834 | D:2      | Reached skill level 5 in Short Blades
  2598 | D:2      | Reached XP level 5. HP: 32/32 MP: 8/8
  3031 | D:3      | Found a glowing drain.
  3045 | D:3      | Reached skill level 4 in Fighting
  3057 | Sewer    | Entered a sewer
  3159 | Sewer    | Noticed a malarious merfolk avatar
  3172 | Sewer    | Killed a malarious merfolk avatar
  3172 | Sewer    | Reached XP level 6. HP: 38/38 MP: 4/9
  4106 | D:3      | Noticed an ogre
  4124 | D:3      | Killed an ogre
  4124 | D:3      | Reached XP level 7. HP: 43/44 MP: 2/10
  4138 | D:3      | Learned a level 2 spell: Song of Slaying
  4141 | D:3      | Learned a level 2 spell: Shroud of Golubria
  4145 | D:3      | Learned a level 3 spell: Regeneration
  4967 | D:4      | Reached skill level 5 in Fighting
  5330 | D:4      | Noticed Robin
  5377 | D:4      | Killed Robin
  5418 | D:4      | Noticed Ijyb
  5437 | D:4      | Killed Ijyb
  5605 | D:4      | Noticed a hungry ghost
  5620 | D:4      | Killed a hungry ghost
  5858 | D:5      | Entered Level 5 of the Dungeon
  5871 | D:5      | Reached XP level 8. HP: 46/49 MP: 11/11
  6447 | D:5      | Found a deep blue altar of Sif Muna.
  6481 | D:5      | Reached skill level 10 in Short Blades
  7193 | D:6      | Noticed Sigmund
  7370 | D:6      | Killed Sigmund
  7370 | D:6      | Reached skill level 1 in Armour
  7469 | D:6      | Reached XP level 9. HP: 54/54 MP: 12/12
  7648 | D:6      | Found a staircase to the Ecumenical Temple.
  7655 | Temple   | Entered the Ecumenical Temple
  7863 | Temple   | Became a worshipper of Yredelemnul the Dark
  9060 | D:7      | Reached * piety under Yredelemnul
  9969 | D:8      | Found Casmumit's Weapon Shop.
 10033 | D:8      | Found an iron altar of Okawaru.
 10114 | D:8      | Reached XP level 10. HP: 59/59 MP: 13/13
 11259 | D:9      | Noticed a two-headed ogre
 11261 | D:9      | Reached skill level 1 in Invocations
 11268 | D:9      | Killed a two-headed ogre
 11368 | D:9      | Reached skill level 5 in Dodging
 11371 | D:9      | Reached skill level 6 in Fighting
 11724 | D:9      | Reached ** piety under Yredelemnul
 11791 | D:9      | Found Neushaz's Magic Scroll Emporium.
 11799 | D:9      | Bought a scroll of blinking for 105 gold pieces
 11799 | D:9      | Bought a scroll of blinking for 105 gold pieces
 11799 | D:9      | Bought a scroll of identify for 28 gold pieces
 12360 | D:10     | Entered Level 10 of the Dungeon
 12386 | D:9      | Reached XP level 11. HP: 53/66 MP: 14/14
 12582 | D:10     | Found a staircase to the Orcish Mines.
 12617 | D:10     | Found a staircase to the Lair.
 12806 | D:10     | Reached skill level 7 in Fighting
 13084 | D:10     | Reached skill level 5 in Invocations
 13514 | Lair:1   | Entered Level 1 of the Lair of Beasts
 13514 | Lair:1   | Noticed a four-headed hydra
 13587 | D:9      | Killed a four-headed hydra
 13745 | D:10     | Reached *** piety under Yredelemnul
 13841 | Lair:1   | Found a frozen archway.
 13867 | D:10     | Reached skill level 8 in Fighting
 14037 | IceCv    | Entered an ice cave
 15142 | Lair:1   | Reached skill level 9 in Fighting
 15314 | Lair:1   | Noticed an eight-headed hydra
 15421 | Lair:1   | Learned a level 3 spell: Spectral Weapon
 16235 | Lair:1   | Killed an eight-headed hydra
 16235 | Lair:1   | Reached skill level 10 in Dodging
 16235 | Lair:1   | Reached XP level 12. HP: 37/77 MP: 5/16
 16235 | Lair:1   | Received a gift from Yredelemnul (a mummy)
 16495 | Lair:1   | Reached skill level 1 in Shields
 17429 | Lair:2   | Reached skill level 10 in Fighting
 17516 | Lair:2   | Received a gift from Yredelemnul (a mummy)
 17774 | Lair:2   | Reached **** piety under Yredelemnul
 18486 | Lair:2   | Reached skill level 5 in Shields
 19097 | Lair:3   | Found a staircase to the Swamp.
 19163 | Lair:3   | Reached skill level 11 in Fighting
 19603 | Lair:3   | Received a gift from Yredelemnul (a mummy)
 19617 | Lair:3   | Reached XP level 13. HP: 67/84 MP: 17/17
 20000 | Lair:3   | Found a hole to the Spider Nest.
 20272 | Lair:4   | Noticed a six-headed hydra
 20298 | Lair:3   | Killed a six-headed hydra
 20298 | Lair:3   | Reached skill level 1 in Necromancy
 20469 | Lair:4   | Got a dazzling scale mail
 20472 | Lair:4   | Identified the +6 scale mail of Syndicalism {MR- Int+3} (You found it on level 4 of the Lair of Beasts)
 20520 | Lair:4   | Noticed Nessos
 20701 | Lair:4   | Received a gift from Yredelemnul (4 flying skulls)
 21116 | Lair:4   | Killed Nessos
 21116 | Lair:4   | Reached skill level 12 in Fighting
 21542 | Lair:4   | Received a gift from Yredelemnul (a wight)
 22468 | Lair:5   | Received a gift from Yredelemnul (a wight)
 22633 | Lair:5   | Noticed a seven-headed hydra
 22641 | Lair:5   | Killed a seven-headed hydra
 22730 | Lair:5   | Noticed loom's ghost (journeyman GrEE)
 22755 | Lair:5   | Noticed an eight-headed hydra
 22777 | Lair:5   | Reached skill level 5 in Armour
 23180 | Lair:5   | Killed an eight-headed hydra
 23225 | Lair:5   | Reached skill level 13 in Fighting
 23639 | Lair:5   | Killed loom's ghost
 23874 | Lair:6   | Entered Level 6 of the Lair of Beasts
 23874 | Lair:6   | Found a staircase to the Slime Pits.
 24247 | Lair:6   | Received a gift from Yredelemnul (a vampire)
 24252 | Lair:6   | Reached XP level 14. HP: 43/94 MP: 11/18
 24801 | Lair:6   | Reached ***** piety under Yredelemnul
 24932 | Lair:6   | Received a gift from Yredelemnul (4 flying skulls)
 25153 | Lair:6   | Reached skill level 14 in Fighting
 25403 | Lair:6   | Received a gift from Yredelemnul (2 flying skulls)
 25621 | Lair:6   | Received a gift from Yredelemnul (a wraith)
 26561 | D:11     | Received a gift from Yredelemnul (a skeletal warrior)
 27703 | D:12     | Received a gift from Yredelemnul (a skeletal warrior)
 27795 | D:12     | Reached skill level 15 in Fighting
 27857 | D:12     | Found a burning altar of Makhleb.
 28572 | D:13     | Reached ****** piety under Yredelemnul
 28793 | D:13     | Received a gift from Yredelemnul (a skeletal warrior)
 28901 | D:13     | Found a sparkling altar of Nemelex Xobeh.
 29730 | D:14     | Reached XP level 15. HP: 103/103 MP: 20/20
 29735 | D:14     | Noticed Azrael
 29751 | D:14     | Received a gift from Yredelemnul (a skeletal warrior)
 29762 | D:14     | Killed Azrael
 29848 | D:14     | Noticed Kirke
 29852 | D:14     | Killed Kirke
 30147 | D:14     | Noticed Frances
 30160 | D:14     | Killed Frances
 30219 | D:14     | Found Toliolic's Weapon Boutique.
 30307 | D:14     | Reached skill level 16 in Fighting
 30312 | D:14     | Noticed Sonja
 30325 | D:14     | Your ally Frances died
 30325 | D:14     | Killed Sonja
 30330 | D:14     | Found a gate to the Vaults.
 30590 | D:14     | Bought the +4 arc blade {discharge, rElec} for 900 gold pieces
 31577 | D:15     | Entered Level 15 of the Dungeon
 31580 | D:15     | Received a gift from Yredelemnul (a wraith)
 31612 | D:15     | Found a bloodstained altar of Trog.
 32016 | D:15     | Noticed Louise
 32033 | D:15     | Killed Louise
 32033 | D:15     | Reached skill level 10 in Invocations
 32084 | D:15     | Found a staircase to the Depths.
 32191 | D:15     | Received a gift from Yredelemnul (a vampire knight)
 32370 | D:15     | Identified a scroll of acquirement
 32373 | D:15     | Got an ancient silver amulet
 32374 | D:15     | Identified the amulet "Usuep" {Reflect Str-5 Int+4 SH+3} (You acquired it on level 15 of the Dungeon)
 33346 | Orc:1    | Entered Level 1 of the Orcish Mines
 33363 | Orc:1    | Found Xegorghi's Book Emporium.
 33453 | Orc:1    | Received a gift from Yredelemnul (a skeletal warrior)
 33957 | Orc:2    | Entered Level 2 of the Orcish Mines
 34052 | Orc:2    | Noticed RKaid's ghost (adept SpEn)
 34057 | Orc:2    | Noticed an orc warlord
 34390 | Orc:2    | Killed an orc warlord
 34403 | Orc:2    | Killed RKaid's ghost
 34683 | Orc:2    | Found Funiluipic's Antique Weapon Boutique.
 34700 | Orc:2    | Reached skill level 17 in Fighting
 34706 | Orc:2    | Received a gift from Yredelemnul (a phantasmal warrior)
 34730 | Orc:2    | Found Foigin's General Store.
 34863 | Orc:2    | Bought the ring "Erat" {rN+ Str+4 Dex-5 Slay+4 Stlth+} for 756 gold pieces
 34863 | Orc:2    | Bought a potion of curing for 51 gold pieces
 34863 | Orc:2    | Bought a potion of berserk rage for 85 gold pieces
 35054 | Orc:2    | Found Kucluama's Jewellery Emporium.
 35195 | Orc:2    | Found Dymotoit's Antique Armour Boutique.
 35212 | Orc:2    | Reached XP level 16. HP: 68/112 MP: 21/23
 35371 | Orc:2    | Found a staircase to the Elven Halls.
 35374 | Orc:2    | Bought a pair of glowing boots for 232 gold pieces
 35374 | Orc:2    | Bought a bloodstained ring mail for 279 gold pieces
 35386 | Orc:2    | Identified the cursed +0 ring mail "Itig" {*Corrode rElec Int+8 Dex-2} (You bought it in a shop on level 2 of the Orcish Mines)
 36279 | Lair:3   | Received a gift from Yredelemnul (a bone dragon)
 36280 | Swamp:1  | Entered Level 1 of the Swamp
 36290 | Swamp:1  | Noticed Nikola
 36299 | Swamp:1  | Killed Nikola
 36299 | Swamp:1  | Enslaved Nikola
 36352 | Swamp:1  | You fall through a shaft!
 36540 | Swamp:1  | Paralysed by a hornet for 1 turns
 36573 | Swamp:1  | Received a gift from Yredelemnul (a bone dragon)
 37994 | Swamp:2  | Received a gift from Yredelemnul (a profane servitor)
 38671 | Swamp:2  | Received a gift from Yredelemnul (a skeletal warrior)
 39293 | Swamp:3  | Received a gift from Yredelemnul (a phantasmal warrior)
 39745 | Swamp:3  | Reached skill level 18 in Fighting
 39764 | Swamp:3  | Received a gift from Yredelemnul (a ghoul)
 40390 | Swamp:4  | Entered Level 4 of the Swamp
 40442 | Swamp:4  | Received a gift from Yredelemnul (a vampire)
 40582 | Swamp:4  | Noticed the 27-headed Lernaean hydra
 40585 | Swamp:4  | Killed the 27-headed Lernaean hydra
 40586 | Swamp:4  | Received a gift from Yredelemnul (a skeletal warrior)
 40610 | Swamp:4  | Received a gift from Yredelemnul (a vampire)
 40894 | Swamp:4  | Got a decaying rune of Zot
 40927 | Swamp:4  | Received a gift from Yredelemnul (a phantasmal warrior)
 41006 | Swamp:4  | Reached XP level 17. HP: 120/120 MP: 24/24
 41213 | Swamp:4  | Received a gift from Yredelemnul (a skeletal warrior)
 42120 | Spider:1 | Entered Level 1 of the Spider Nest
 42120 | Spider:1 | Noticed Aizul
 42130 | Spider:1 | Killed Aizul
 42270 | Spider:1 | Killed Roxanne
 42286 | Spider:1 | Received a gift from Yredelemnul (a skeletal warrior)
 42351 | Spider:1 | Reached skill level 19 in Fighting
 42485 | Spider:1 | Identified Roxanne's Collected Works on the Rocks
 42510 | Spider:1 | Learned a level 2 spell: Blink
 42517 | Spider:1 | Learned a level 6 spell: Shadow Creatures
 42867 | Spider:2 | Received a gift from Yredelemnul (a ghoul)
 43303 | Spider:2 | Received a gift from Yredelemnul (a vampire knight)
 43310 | Spider:2 | Reached skill level 15 in Dodging
 45517 | Spider:4 | Entered Level 4 of the Spider Nest
 45517 | Spider:4 | Noticed Arachne
 45525 | Spider:4 | Noticed Agnes
 45525 | Spider:4 | Cast into level 3 of the Abyss (the power of Zot)
 45546 | Abyss:3  | Found a corrupted altar of Lugonu.
 45737 | Abyss:3  | Found a corrupted altar of Lugonu.
 45822 | Abyss:3  | Noticed a profane servitor
 45875 | Abyss:3  | Noticed a bone dragon
 45973 | Abyss:3  | Found a stormy altar of Qazlal.
 45973 | Abyss:3  | Noticed a tentacled starspawn
 46000 | Abyss:3  | Found a corrupted altar of Lugonu.
 46002 | Spider:4 | Escaped the Abyss
 46005 | Spider:4 | Killed Agnes
 46007 | Spider:4 | Received a gift from Yredelemnul (a vampire)
 46015 | Spider:4 | Killed Arachne
 46024 | Spider:4 | Noticed siprus's ghost (adept DsAK)
 46040 | Spider:4 | Killed siprus's ghost
 46361 | Spider:4 | Noticed Mara
 46368 | Spider:4 | Noticed GordonOverkill's illusion
 46397 | Spider:4 | Killed Mara
 46397 | Spider:4 | Reached XP level 18. HP: 74/129 MP: 14/25
 46435 | Spider:4 | Reached skill level 20 in Fighting
 46746 | Spider:4 | Noticed Donald
 46757 | Spider:4 | Killed Donald
 46757 | Spider:4 | Enslaved Donald
 46853 | Spider:4 | Received a gift from Yredelemnul (a vampire)
 46923 | Spider:4 | Reached skill level 10 in Armour
 46941 | Spider:4 | Received a gift from Yredelemnul (a vampire)
 47165 | Spider:4 | Received a gift from Yredelemnul (a ghoul)
 47666 | Spider:4 | Got a gossamer rune of Zot
 49618 | Vaults:1 | Entered Level 1 of the Vaults
 50787 | Vaults:1 | Received a gift from Yredelemnul (a phantasmal warrior)
 50802 | Vaults:1 | Your ally Donald died
 51915 | Vaults:1 | Reached skill level 21 in Fighting
 52081 | Vaults:2 | Reached XP level 19. HP: 134/137 MP: 19/27
 52085 | Vaults:2 | Received a gift from Yredelemnul (a ghoul)
 52168 | Vaults:2 | Noticed Jory
 52185 | Vaults:2 | Received a gift from Yredelemnul (a skeletal warrior)
 52194 | Vaults:2 | Killed Jory
 52627 | Vaults:2 | Found a staircase to the Crypt.
 52726 | Vaults:2 | Received a gift from Yredelemnul (a phantasmal warrior)
 52788 | Vaults:2 | Received a gift from Yredelemnul (a ghoul)
 53051 | Vaults:2 | Received a gift from Yredelemnul (a flayed ghost)
 53061 | Vaults:2 | Reached skill level 1 in Translocations
 53164 | Vaults:2 | Received a gift from Yredelemnul (a phantasmal warrior)
 53689 | Vaults:2 | Received a gift from Yredelemnul (a flayed ghost)
 54096 | Vaults:3 | Received a gift from Yredelemnul (a flayed ghost)
 54770 | Vaults:3 | Found a radiant altar of Vehumet.
 54770 | Vaults:3 | Noticed a lich
 54778 | Vaults:3 | Killed a lich
 54865 | Vaults:3 | Got a warped hat
 54871 | Vaults:3 | Identified the +1 hat of Otoiqyg {+Inv rN+} (You found it on level 3 of the Vaults)
 54934 | Vaults:3 | Reached skill level 5 in Translocations
 55193 | Vaults:3 | Received a gift from Yredelemnul (a vampire)
 55226 | Vaults:3 | Received a gift from Yredelemnul (a vampire knight)
 55228 | Vaults:3 | Reached skill level 22 in Fighting
 55253 | Vaults:3 | Received a gift from Yredelemnul (a bone dragon)
 55813 | Vaults:3 | Received a gift from Yredelemnul (a ghoul)
 55847 | Vaults:3 | Reached XP level 20. HP: 145/145 MP: 29/29
 56740 | Vaults:4 | Noticed Jorgrun
 56746 | Vaults:4 | Killed Jorgrun
 56789 | Vaults:4 | Received a gift from Yredelemnul (a ghoul)
 56831 | Vaults:4 | Received a gift from Yredelemnul (a phantasmal warrior)
 57102 | Vaults:4 | Noticed Margery
 57115 | Vaults:4 | Killed Margery
 57919 | Vaults:4 | Got a warped ring mail
 57923 | Vaults:4 | Got a shimmering amber ring
 57924 | Vaults:4 | Identified the ring "Sydwasun" {rElec Str+3 Stlth+} (You acquired it on level 4 of the Vaults)
 57925 | Vaults:4 | Identified the +0 ring mail "Plog" {rElec rN+++ Int+9 Stlth-} (You found it on level 4 of the Vaults)
 57972 | Vaults:4 | Noticed Frederick
 57983 | Vaults:4 | Received a gift from Yredelemnul (a bone dragon)
 57990 | Vaults:4 | Killed Frederick
 57990 | Vaults:4 | Enslaved Frederick
 58380 | Vaults:4 | Received a gift from Yredelemnul (a vampire)
 58446 | Vaults:4 | Reached skill level 5 in Charms
 58517 | Vaults:4 | Your ally Margery died
 58824 | Vaults:4 | Received a gift from Yredelemnul (a vampire knight)
 58985 | Vaults:4 | HP: 6/147 [yaktaur captain/bolt (7)]
 58987 | Vaults:4 | Received a gift from Yredelemnul (a flayed ghost)
 59253 | Vaults:4 | Reached skill level 23 in Fighting
 59464 | Vaults:4 | Noticed Sojobo
 59482 | Vaults:4 | Killed Sojobo
 60177 | Vaults:2 | Reached XP level 21. HP: 146/153 MP: 30/30
 60384 | Vaults:2 | Got a twisted short sword
 60385 | Vaults:2 | Identified the +8 short sword of Action {freeze, MR+ Str-5 Dex+3} (You found it on level 2 of the Vaults)
 61166 | Depths:1 | Entered Level 1 of the Depths
 61226 | Depths:1 | Found a one-way gate leading to the halls of Pandemonium.
 61426 | Depths:1 | Received a gift from Yredelemnul (a vampire knight)
 61444 | Depths:1 | Found a snail-covered altar of Cheibriados.
 62057 | Depths:1 | Found a gateway to Hell.
 62088 | Depths:1 | Got a sparkling amber ring
 62089 | Depths:1 | Identified the cursed ring "Nofalaam" {rPois rF+ Str-2} (You found it on level 1 of the Depths)
 62153 | Depths:1 | Found a gateway to a bazaar.
 62188 | Bazaar   | Entered a bazaar
 62189 | Bazaar   | Found Tulu's Weapon Emporium.
 62191 | Bazaar   | Found Ityth's Jewellery Boutique.
 62227 | Bazaar   | Found Ecoann's Weapon Shoppe.
 62235 | Bazaar   | Found Sianwimn's Armour Shop.
 62587 | Depths:2 | Received a gift from Yredelemnul (a vampire knight)
 63402 | Depths:2 | Received a gift from Yredelemnul (a phantasmal warrior)
 63646 | Depths:2 | Received a gift from Yredelemnul (a vampire)
 64469 | Depths:2 | Found Batudgh's Gadget Emporium.
 64469 | Depths:2 | Found Ywkaro Gait's Jewellery Boutique.
 64470 | Depths:2 | Found Zayrimp's Jewellery Boutique.
 64475 | Depths:2 | Bought the amulet "Lexexkun" {+Rage +Fly rElec} for 1009 gold pieces
 64540 | Depths:2 | Identified the Almanac of Calling
 64907 | Depths:3 | Received a gift from Yredelemnul (a vampire)
 65100 | Depths:3 | Reached skill level 24 in Fighting
 65115 | Depths:3 | Noticed a caustic shrike
 65120 | Depths:3 | Killed a caustic shrike
 65663 | Depths:3 | Reached XP level 22. HP: 161/161 MP: 31/31
 66275 | Depths:3 | Noticed a caustic shrike
 66279 | Depths:3 | Killed a caustic shrike
 66474 | Depths:3 | Noticed a golden dragon
 66483 | Depths:3 | Killed a golden dragon
 66484 | Depths:3 | Received a gift from Yredelemnul (a flayed ghost)
 66578 | Depths:3 | Found a gateway to a ziggurat.
 67579 | Depths:3 | Got a pitted scarf
 67580 | Depths:3 | Identified the scarf "Cofes" {rF+ Str-3 Dex+2} (You found it on level 3 of the Depths)
 68181 | Depths:4 | Reached skill level 25 in Fighting
 68198 | Depths:4 | Received a gift from Yredelemnul (a bone dragon)
 68315 | Depths:4 | Received a gift from Yredelemnul (a vampire knight)
 68560 | Depths:4 | Found Nainn's Magic Scroll Boutique.
 68578 | Depths:4 | Bought 3 scrolls of identify for 132 gold pieces
 68578 | Depths:4 | Bought a scroll of teleportation for 66 gold pieces
 68688 | Depths:4 | Gained mutation: You are clumsy. (Dex -2) [the power of Zot]
 68688 | Depths:4 | Gained mutation: You expend magic power (3 MP) to strengthen your wands. [the power of Zot]
 68710 | Depths:4 | HP: 5/164 [frost giant/bolt of cold (32)]
 68711 | Depths:4 | Killed from afar by a frost giant

Skill      XL: |  1  2  3  4  5  6  7  8  9 10 11 12 13 14 15 16 17 18 19 20 21 22 |
---------------+-------------------------------------------------------------------+-----
Short Blades   | 3 4 5 6 7 9 11 13 14 | 14.1
Fighting       | 3 4 5 6 9 11 13 15 17 18 19 21 22 23 24 25 | 25.3
Charms         | 3 4 5 7 |  7.4
Armour         | 1 4 6 8 9 10 | 10.8
Dodging        | 6 10 11 13 15 16 17 | 17.1
Invocations    | 4 6 7 10 11 12 | 12.1
Shields        | 6 |  6.4
Necromancy     | 4 |  4.2
Translocations | 6 8 |  8.7
Spellcasting   | |  2.1

Action                   |  1- 3 |  4- 6 |  7- 9 | 10-12 | 13-15 | 16-18 | 19-21 | 22-24 || total
-------------------------+-------+-------+-------+-------+-------+-------+-------+-------++-------
Melee: Short sword       |    66 |   302 |   501 |   728 |  1168 |   928 |  1086 |   171 ||  4950
       Rapier            |       |       |       |       |     9 |     3 |       |       ||    12
 Cast: Infusion          |     7 |    15 |    17 |    28 |    20 |     5 |     1 |       ||    93
       Shroud of Golubri |       |       |       |     1 |     6 |     2 |       |       ||     9
       Song of Slaying   |       |       |       |     2 |    14 |     3 |     1 |       ||    20
Invok: Animate Remains   |       |       |     2 |     6 |       |       |       |       ||     8
       Animate Dead      |       |       |       |    12 |    66 |    71 |    67 |    18 ||   234
       Recall Undead Sla |       |       |       |     1 |     2 |     1 |     6 |     1 ||    11
       Enslave Soul      |       |       |       |       |     1 |     3 |     2 |       ||     6
       Injury Mirror     |       |       |       |       |     1 |       |       |       ||     1
Evoke: Wand              |       |       |       |     9 |     5 |     1 |       |       ||    15
  Use: Scroll            |       |     8 |    10 |    19 |    16 |    15 |    13 |     1 ||    82
       Potion            |       |     1 |     1 |     3 |     2 |     3 |     2 |     1 ||    13
 Stab: Sleeping          |     1 |       |       |       |       |    11 |    11 |     1 ||    24
       Distracted        |       |       |       |     2 |    14 |    17 |    24 |     5 ||    62
       Paralysed         |       |       |       |       |       |     1 |     1 |       ||     2
  Eat: Chunk             |     9 |    11 |    27 |    35 |    72 |    78 |    64 |    14 ||   310
Armor: Leather armour    |    14 |       |       |       |       |       |       |       ||    14
       Ring mail         |     7 |    72 |    86 |   164 |   180 |   236 |   101 |       ||   846
       Skin              |       |    41 |       |       |       |       |       |       ||    41
       Scale mail        |       |     7 |    31 |       |       |       |       |       ||    38
       Fire dragon scale |       |       |       |       |       |       |    54 |    27 ||    81
Dodge: Dodged            |    41 |   188 |   208 |   427 |   489 |   699 |   577 |    88 ||  2717
Block: Buckler           |       |       |       |    16 |   238 |   216 |   192 |    27 ||   689
